| TOP OF THE 1ST |
|
Chicago (APP) Cubs batting - Pitching for Kingsport Mets : RHP Frank Emery
|
|
Pitching: RHP Frank Emery
|
|
|
Batting: SHB Jim Lloyd
|
0-0: Swinging Strike 0-1: Foul Ball, location: 2F 0-2: Ball 1-2: Ball 2-2: Ball 3-2: Strikes out swinging
|
|
Batting: RHB Dustin Goldsborough
|
0-0: Ball 1-0: Foul Ball, location: 2F 1-1: Fly out, F7 (Flyball, 7S, EV 93.1 MPH)
|
|
Batting: RHB Andy Baumhardt
|
0-0: Called Strike 0-1: Ball 1-1: Fly out, F8 (Flyball, 8RD, EV 92.5 MPH)
|
| Top of the 1st over - 0 runs, 0 hits, 0 errors, 0 left on base; Chicago (APP) 0 - Kingsport 0 |
| BOTTOM OF THE 1ST |
|
Kingsport Mets batting - Pitching for Chicago (APP) Cubs : RHP Bobby Almonte
|
|
Pitching: RHP Bobby Almonte
|
|
|
Batting: RHB Michael Youngberry
|
0-0: Swinging Strike 0-1: Ball 1-1: Ball 2-1: Ball 3-1: Foul Ball, location: 2F 3-2: Strikes out swinging
|
|
Batting: RHB Artyom Shavkunov
|
0-0: Ball 1-0: Ball 2-0: Ball 3-0: Base on Balls
|
|
Batting: SHB Tyler Maddux
|
0-0: Called Strike 0-1: Ball 1-1: Ball 2-1: Ball 3-1: Base on Balls Artyom Shavkunov to second
|
|
Batting: RHB Bill Crogan
|
0-0: Ball 1-0: Ball 2-0: Ball 3-0: Base on Balls Artyom Shavkunov to third Tyler Maddux to second
|
|
Batting: RHB Sam Callahan
|
0-0: Ball 1-0: Called Strike 1-1: Fly out, F8 (Line Drive, 8RM, EV 95.0 MPH)
|
|
Batting: RHB Enrique Aguirre
|
0-0: Ball 1-0: Called Strike 1-1: Ball 2-1: SINGLE (Groundball, 6M, EV 84.4 MPH) (infield hit) Artyom Shavkunov scores Tyler Maddux to third Bill Crogan to second
|
|
Batting: RHB Chris Artz
|
0-0: Foul Ball, location: 2F 0-1: Ball 1-1: DOUBLE (Flyball, 8LXD, EV 103.1 MPH) Tyler Maddux scores Bill Crogan scores Enrique Aguirre to third
|
|
Batting: SHB Adonis Jones
|
0-0: Ball 1-0: 3-RUN HOME RUN (Line Drive, 89XD, EV 100.6 MPH), Distance : 413 ft
|
|
Batting: RHB Chris Graham
|
0-0: Called Strike 0-1: Ball 1-1: Foul Ball, location: 2F 1-2: Ball 2-2: Ball 3-2: Base on Balls
|
|
Batting: RHB Michael Youngberry
|
0-0: Foul Ball, location: 2F 0-1: DOUBLE (Flyball, 9LD, EV 100.0 MPH) Chris Graham to third Runner from 3rd tries for Home, SAFE, no throw by RF
|
|
Batting: RHB Artyom Shavkunov
|
0-0: Called Strike 0-1: 2-RUN HOME RUN (Flyball, 78XD, EV 105.6 MPH), Distance : 399 ft
|
|
Batting: SHB Tyler Maddux
|
0-0: Ball 1-0: Foul Ball, location: 2F 1-1: Swinging Strike 1-2: Ball 2-2: Ball 3-2: Base on Balls
|
|
Batting: RHB Bill Crogan
|
0-0: Ball 1-0: Ball 2-0: Ball 3-0: 2-RUN HOME RUN (Flyball, 7D, EV 103.1 MPH), Distance : 387 ft
|
|
Batting: RHB Sam Callahan
|
0-0: Called Strike 0-1: SINGLE (Flyball, 34D, EV 88.8 MPH)
|
|
Batting: RHB Enrique Aguirre
|
0-0: Swinging Strike 0-1: Swinging Strike 0-2: Ball 1-2: Ball 2-2: Ball 3-2: Base on Balls Sam Callahan to second
|
|
Batting: RHB Chris Artz
|
0-0: Ball 1-0: Ball 2-0: Called Strike 2-1: Foul Ball, location: 2F 2-2: Ball 3-2: Base on Balls Sam Callahan to third Enrique Aguirre to second
|
|
Batting: SHB Adonis Jones
|
0-0: Foul Ball, location: 2F 0-1: Swinging Strike 0-2: GRAND SLAM HOME RUN (Flyball, 7D, EV 93.8 MPH), Distance : 368 ft
|
|
Batting: RHB Chris Graham
|
0-0: Fly out, F9 (Flyball, 89M, EV 96.9 MPH)
|
| Bottom of the 1st over - 15 runs, 8 hits, 0 errors, 0 left on base; Chicago (APP) 0 - Kingsport 15 |
| TOP OF THE 2ND |
|
Chicago (APP) Cubs batting - Pitching for Kingsport Mets : RHP Frank Emery
|
|
Batting: RHB Juan Lira
|
0-0: Foul Ball, location: 2F 0-1: Foul Ball, location: 2F 0-2: Foul Ball, location: 2F 0-2: SINGLE (Groundball, 5S, EV 70.0 MPH) (infield hit)
|
|
Batting: LHB Jose Mafano
|
0-0: Ball 1-0: Ball 2-0: Foul Ball, location: 2F 2-1: Foul Ball, location: 2F 2-2: Strikes out swinging
|
|
Batting: RHB Andy Villarreal
|
0-0: Called Strike 0-1: Ball 1-1: Foul Ball, location: 2F 1-2: Strikes out looking
|
|
Batting: RHB Jorge Gonzalez
|
0-0: Called Strike Juan Lira steals 2nd base 0-1: Swinging Strike 0-2: Strikes out swinging
|
| Top of the 2nd over - 0 runs, 1 hit, 0 errors, 1 left on base; Chicago (APP) 0 - Kingsport 15 |
| BOTTOM OF THE 2ND |
|
Kingsport Mets batting - Pitching for Chicago (APP) Cubs : RHP Bobby Almonte
|
|
Batting: RHB Michael Youngberry
|
0-0: Ball 1-0: Ball 2-0: Ball 3-0: Base on Balls
|
|
Batting: RHB Artyom Shavkunov
|
0-0: Grounds into double play, 4-6-3 (Groundball, 4, EV 106.9 MPH)
|
|
Batting: SHB Tyler Maddux
|
0-0: Ball 1-0: SOLO HOME RUN (Flyball, 89XD, EV 100.6 MPH), Distance : 403 ft
|
|
Batting: RHB Bill Crogan
|
0-0: SOLO HOME RUN (Flyball, 78XD, EV 105.6 MPH), Distance : 414 ft
|
|
Batting: RHB Sam Callahan
|
0-0: Ball 1-0: Ball 2-0: Ball 3-0: Base on Balls
|
|
Batting: RHB Enrique Aguirre
|
0-0: SINGLE (Line Drive, 8LS, EV 94.4 MPH) Sam Callahan to second Runner from 2nd tries for 3rd, OUT! 8-5
|
| Bottom of the 2nd over - 2 runs, 3 hits, 0 errors, 1 left on base; Chicago (APP) 0 - Kingsport 17 |
| TOP OF THE 3RD |
|
Chicago (APP) Cubs batting - Pitching for Kingsport Mets : RHP Frank Emery
|
|
Batting: RHB Lencho Otieno
|
0-0: Called Strike 0-1: Ground out 5-3 (Groundball, 56S, EV 87.5 MPH)
|
|
Batting: RHB Masato Iwase
|
0-0: Ball 1-0: Ground out 5-3 (Groundball, 56S, EV 62.5 MPH)
|
|
Batting: SHB Jim Lloyd
|
0-0: Ball 1-0: Called Strike 1-1: Ball 2-1: Fly out, F9 (Flyball, 89M, EV 92.5 MPH)
|
| Top of the 3rd over - 0 runs, 0 hits, 0 errors, 0 left on base; Chicago (APP) 0 - Kingsport 17 |
| BOTTOM OF THE 3RD |
|
Kingsport Mets batting - Pitching for Chicago (APP) Cubs : RHP Bobby Almonte
|
|
Batting: RHB Chris Artz
|
0-0: Fly out, F9 (Flyball, 9S, EV 86.2 MPH)
|
|
Batting: SHB Adonis Jones
|
0-0: SINGLE (Groundball, 3D, EV 100.6 MPH)
|
|
Batting: RHB Chris Graham
|
0-0: Called Strike 0-1: Ball 1-1: 2-RUN HOME RUN (Flyball, 7D, EV 98.8 MPH), Distance : 371 ft
|
|
Batting: RHB Michael Youngberry
|
0-0: Ball 1-0: Ball 2-0: Called Strike 2-1: Foul Ball, location: 2F 2-2: Ball 3-2: Strikes out swinging, 2-3 out at first.
|
|
Batting: RHB Artyom Shavkunov
|
0-0: Called Strike 0-1: Fly out, F9 (Flyball, 9, EV 80.6 MPH)
|
| Bottom of the 3rd over - 2 runs, 2 hits, 0 errors, 0 left on base; Chicago (APP) 0 - Kingsport 19 |
| TOP OF THE 4TH |
|
Chicago (APP) Cubs batting - Pitching for Kingsport Mets : RHP Frank Emery
|
|
Batting: RHB Dustin Goldsborough
|
0-0: Ball 1-0: Foul Ball, location: 2F 1-1: Ball 2-1: Foul Ball, location: 2F 2-2: Ball 3-2: Ground out 4-3 (Groundball, 4MD, EV 103.1 MPH)
|
|
Batting: RHB Andy Baumhardt
|
0-0: Called Strike 0-1: Called Strike 0-2: Ball 1-2: Foul Ball, location: 2F 1-2: Foul Ball, location: 2F 1-2: Strikes out swinging
|
|
Batting: RHB Juan Lira
|
0-0: Called Strike 0-1: SINGLE (Groundball, 56D, EV 103.1 MPH)
|
|
Batting: LHB Jose Mafano
|
0-0: Swinging Strike 0-1: Ball 1-1: Fly out, F8 (Flyball, 78M, EV 73.8 MPH)
|
| Top of the 4th over - 0 runs, 1 hit, 0 errors, 1 left on base; Chicago (APP) 0 - Kingsport 19 |
| BOTTOM OF THE 4TH |
|
Kingsport Mets batting - Pitching for Chicago (APP) Cubs : RHP Bobby Almonte
|
|
Batting: SHB Tyler Maddux
|
0-0: Foul Ball, location: 2F 0-1: Ball 1-1: Hit by Pitch
|
|
Batting: RHB Bill Crogan
|
0-0: Called Strike 0-1: Ball 1-1: Swinging Strike 1-2: Strikes out looking
|
|
Batting: RHB Sam Callahan
|
0-0: 2-RUN HOME RUN (Flyball, 7LD, EV 97.5 MPH), Distance : 349 ft
|
|
Batting: RHB Enrique Aguirre
|
0-0: SINGLE (Groundball, 6MD, EV 110.0 MPH)
|
|
Batting: RHB Chris Artz
|
0-0: Ball 1-0: Ball 2-0: Called Strike 2-1: Fly out, F3 (Popup, 3F, EV 79.4 MPH)
|
|
Batting: SHB Adonis Jones
|
0-0: Fly out, F8 (Flyball, 8RM, EV 96.9 MPH)
|
| Bottom of the 4th over - 2 runs, 2 hits, 0 errors, 1 left on base; Chicago (APP) 0 - Kingsport 21 |
| TOP OF THE 5TH |
|
Chicago (APP) Cubs batting - Pitching for Kingsport Mets : RHP Frank Emery
|
|
Batting: RHB Andy Villarreal
|
0-0: Ball 1-0: Ball 2-0: Foul Ball, location: 2F 2-1: Ball 3-1: Foul Ball, location: 2F 3-2: Strikes out swinging
|
|
Batting: RHB Jorge Gonzalez
|
0-0: Foul Ball, location: 2F 0-1: SINGLE (Groundball, 56D, EV 81.9 MPH) (infield hit)
|
|
Batting: RHB Lencho Otieno
|
0-0: Swinging Strike 0-1: Ball 1-1: Foul Ball, location: 2F 1-2: Strikes out looking
|
|
Batting: RHB Masato Iwase
|
0-0: Called Strike 0-1: Ball 1-1: Ball 2-1: Ball 3-1: Called Strike 3-2: Foul Ball, location: 2F 3-2: Base on Balls Jorge Gonzalez to second
|
|
Batting: SHB Jim Lloyd
|
0-0: Ball 1-0: Swinging Strike 1-1: Ball 2-1: Ball 3-1: Called Strike 3-2: Foul Ball, location: 2F 3-2: Strikes out swinging
|
| Top of the 5th over - 0 runs, 1 hit, 0 errors, 2 left on base; Chicago (APP) 0 - Kingsport 21 |
| BOTTOM OF THE 5TH |
|
Kingsport Mets batting - Pitching for Chicago (APP) Cubs : RHP Bobby Almonte
|
|
Batting: RHB Chris Graham
|
0-0: Ground out 5-3 (Groundball, 56S, EV 71.9 MPH)
|
|
Batting: RHB Michael Youngberry
|
0-0: Called Strike 0-1: Called Strike 0-2: Ball 1-2: Ball 2-2: Foul Ball, location: 2F 2-2: Foul Ball, location: 2F 2-2: Foul Ball, location: 2F 2-2: Ball 3-2: Strikes out swinging
|
|
Batting: RHB Artyom Shavkunov
|
0-0: Ball 1-0: Ball 2-0: Ball 3-0: Called Strike 3-1: Base on Balls
|
|
Batting: SHB Tyler Maddux
|
0-0: Called Strike 0-1: 2-RUN HOME RUN (Flyball, 9D, EV 92.5 MPH), Distance : 365 ft
|
|
Batting: RHB Bill Crogan
|
0-0: Ball 1-0: Swinging Strike 1-1: Ball 2-1: Ball 3-1: Base on Balls
|
|
Batting: RHB Sam Callahan
|
0-0: Ball 1-0: Ball 2-0: Ball 3-0: Base on Balls Bill Crogan to second
|
|
Batting: RHB Enrique Aguirre
|
0-0: Called Strike 0-1: 3-RUN HOME RUN (Flyball, 7D, EV 98.8 MPH), Distance : 373 ft
|
|
Batting: RHB Chris Artz
|
0-0: Ground out 5-3 (Groundball, 56S, EV 77.5 MPH)
|
| Bottom of the 5th over - 5 runs, 2 hits, 0 errors, 0 left on base; Chicago (APP) 0 - Kingsport 26 |
| TOP OF THE 6TH |
|
Chicago (APP) Cubs batting - Pitching for Kingsport Mets : RHP Frank Emery
|
|
Batting: RHB Dustin Goldsborough
|
0-0: Swinging Strike 0-1: Ball 1-1: Ball 2-1: Swinging Strike 2-2: Ball 3-2: Foul Ball, location: 2F 3-2: Strikes out swinging
|
|
Batting: RHB Andy Baumhardt
|
0-0: Called Strike 0-1: Ball 1-1: Ground out 6-3 (Groundball, 6, EV 85.6 MPH)
|
|
Batting: RHB Juan Lira
|
0-0: Ball 1-0: Ball 2-0: SINGLE (Groundball, 56S, EV 64.4 MPH) (infield hit)
|
|
Batting: LHB Jose Mafano
|
0-0: Called Strike 0-1: Called Strike Juan Lira steals 2nd base 0-2: Ball 1-2: Foul Ball, location: 2F 1-2: Ball 2-2: Ground out 6-3 (Groundball, P, EV 84.4 MPH)
|
| Top of the 6th over - 0 runs, 1 hit, 0 errors, 1 left on base; Chicago (APP) 0 - Kingsport 26 |
| BOTTOM OF THE 6TH |
|
Kingsport Mets batting - Pitching for Chicago (APP) Cubs : RHP Bobby Almonte
|
|
Batting: SHB Adonis Jones
|
0-0: Ball 1-0: Foul Ball, location: 2F 1-1: Ball 2-1: Ball 3-1: Base on Balls
|
|
Batting: RHB Chris Graham
|
0-0: Fielders Choice at 2nd, 4-6 (Groundball, 4, EV 86.2 MPH)
|
|
Batting: RHB Michael Youngberry
|
0-0: SINGLE (Line Drive, 34, EV 95.0 MPH) Chris Graham to second
|
|
Batting: RHB Artyom Shavkunov
|
0-0: Foul Ball, location: 2F 0-1: Ball 1-1: Ball 2-1: Swinging Strike 2-2: Strikes out looking
|
|
Batting: SHB Tyler Maddux
|
0-0: Called Strike 0-1: Called Strike 0-2: Ball 1-2: Ball 2-2: Ball 3-2: Foul Ball, location: 2F 3-2: Base on Balls Chris Graham to third Michael Youngberry to second
|
|
Batting: RHB Bill Crogan
|
0-0: Swinging Strike 0-1: Fielders Choice at 2nd, 5-4 (Groundball, 56, EV 100.6 MPH)
|
| Bottom of the 6th over - 0 runs, 1 hit, 0 errors, 3 left on base; Chicago (APP) 0 - Kingsport 26 |
| TOP OF THE 7TH |
|
Chicago (APP) Cubs batting - Pitching for Kingsport Mets : RHP Frank Emery
|
|
Batting: RHB Andy Villarreal
|
0-0: Called Strike 0-1: Foul Ball, location: 2F 0-2: Ball 1-2: Strikes out swinging
|
|
Batting: RHB Jorge Gonzalez
|
0-0: Ball 1-0: Ball 2-0: Foul Ball, location: 2F 2-1: Ball 3-1: Base on Balls
|
|
Pitching: RHP Jason Jones
|
|
|
Batting: RHB Lencho Otieno
|
0-0: Ball Jorge Gonzalez steals 2nd base (no throw) 1-0: Ball 2-0: Called Strike 2-1: Foul Ball, location: 2F 2-2: Strikes out looking
|
|
Batting: RHB Masato Iwase
|
0-0: Swinging Strike 0-1: Ball 1-1: Called Strike 1-2: Strikes out swinging
|
| Top of the 7th over - 0 runs, 0 hits, 0 errors, 1 left on base; Chicago (APP) 0 - Kingsport 26 |
| BOTTOM OF THE 7TH |
|
Kingsport Mets batting - Pitching for Chicago (APP) Cubs : RHP Bobby Almonte
|
|
Batting: RHB Sam Callahan
|
0-0: Called Strike 0-1: SINGLE (Groundball, 4D, EV 94.4 MPH)
|
|
Batting: RHB Enrique Aguirre
|
0-0: SINGLE (Groundball, 34D, EV 95.0 MPH) Sam Callahan to second Runner from 2nd tries for 3rd, SAFE, throw by RF made to third Enrique Aguirre to second
|
|
Batting: RHB Chris Artz
|
0-0: Fly out, F7 (Flyball, 78M, EV 75.0 MPH) Runner from 3rd tags up, SCORES, no throw by LF
|
|
Batting: SHB Adonis Jones
|
0-0: Foul Ball, location: 2F 0-1: Fly out, F7 (Line Drive, 7, EV 104.4 MPH)
|
|
Batting: RHB Chris Graham
|
0-0: Ground out 1-3 (Groundball, 15S, EV 70.0 MPH)
|
| Bottom of the 7th over - 1 run, 2 hits, 0 errors, 1 left on base; Chicago (APP) 0 - Kingsport 27 |
| TOP OF THE 8TH |
|
Chicago (APP) Cubs batting - Pitching for Kingsport Mets : RHP Jason Jones
|
|
Batting: SHB Jim Lloyd
|
0-0: Called Strike 0-1: Called Strike 0-2: Strikes out looking
|
|
Batting: RHB Dustin Goldsborough
|
0-0: Ball 1-0: Called Strike 1-1: Ball 2-1: Foul Ball, location: 2F 2-2: Foul Ball, location: 2F 2-2: Strikes out swinging
|
|
Batting: RHB Andy Baumhardt
|
0-0: Called Strike 0-1: Foul Ball, location: 2F 0-2: Strikes out swinging
|
| Top of the 8th over - 0 runs, 0 hits, 0 errors, 0 left on base; Chicago (APP) 0 - Kingsport 27 |
| BOTTOM OF THE 8TH |
|
Kingsport Mets batting - Pitching for Chicago (APP) Cubs : RHP Bobby Almonte
|
|
Batting: RHB Michael Youngberry
|
0-0: DOUBLE (Flyball, 8RD, EV 95.0 MPH)
|
|
Batting: RHB Artyom Shavkunov
|
0-0: Fly out, F8 (Line Drive, 78M, EV 97.5 MPH)
|
|
Batting: SHB Tyler Maddux
|
0-0: Ball 1-0: Foul Ball, location: 2F 1-1: Fly out, F7 (Flyball, 78S, EV 83.1 MPH)
|
|
Batting: RHB Bill Crogan
|
0-0: Ground out 2-3 (Groundball, 2R, EV 68.1 MPH)
|
| Bottom of the 8th over - 0 runs, 1 hit, 0 errors, 1 left on base; Chicago (APP) 0 - Kingsport 27 |
| TOP OF THE 9TH |
|
Chicago (APP) Cubs batting - Pitching for Kingsport Mets : RHP Jason Jones
|
|
Batting: RHB Juan Lira
|
0-0: Swinging Strike 0-1: Ball 1-1: Ball 2-1: Foul Ball, location: 2F 2-2: Ball 3-2: Foul Ball, location: 2F 3-2: Foul Ball, location: 2F 3-2: Strikes out swinging
|
|
Batting: LHB Jose Mafano
|
0-0: Ball 1-0: Swinging Strike 1-1: Called Strike 1-2: Foul Ball, location: 2F 1-2: Strikes out looking
|
|
Batting: RHB Andy Villarreal
|
0-0: Foul Ball, location: 2F 0-1: Ball 1-1: Swinging Strike 1-2: Fly out, F9 (Flyball, 9LSF, EV 82.5 MPH)
|
| Top of the 9th over - 0 runs, 0 hits, 0 errors, 0 left on base; Chicago (APP) 0 - Kingsport 27 |
|